 Dungeon Crawl Stone Soup version 0.29-a0-334-gb41bcbb86e (webtiles) character file.

Game seed: 10948129408625008264

378 rageheart7 the Conjurer (level 6, -5/32 HPs)
             Began as a Tengu Wanderer on Apr 14, 2022.
             Was an Initiate of Sif Muna.
             Killed by nerve-wracking pain
             ... invoked by an orc priest
              (9 damage)
             ... on level 4 of the Dungeon.
             The game lasted 00:07:18 (3778 turns).

rageheart7 the Conjurer (Tengu Wanderer)            Turns: 3778, Time: 00:07:19

Health: -5/32      AC:  3    Str: 12    XL:     6   Next: 74%
Magic:  4/11       EV: 13    Int: 17    God:    Sif Muna [......]
Gold:   143        SH:  5    Dex: 11    Spells: 10/11 levels left

rFire   . . .      SeeInvis .   f - staff of air
rCold   . . .      Faith    .   (no shield)
rNeg    . . .      Spirit   .   d - +0 robe
rPois   .          Reflect  +   (helmet restricted)
rElec   +          Harm     .   (no cloak)
rCorr   .          Rampage  .   j - +0 pair of gloves
Will    .....                   (boots unavailable)
Stlth   +.........              p - amulet of reflection
HPRegen 0.10/turn               (no ring)
MPRegen 0.12/turn               (no ring)

@: flying quickly and evasively, invisible, quick
A: beak, talons 3, nimble flight
a: Renounce Religion


You were on level 4 of the Dungeon.
You worshipped Sif Muna.
Sif Muna was noncommittal.
You visited 1 branch of the dungeon, and saw 4 of its levels.

You collected 143 gold pieces.

Inventory:

Missiles
 s - a throwing net
Armour
 d - a +0 robe (worn)
 j - a +0 pair of gloves (worn)
Magical Staves
 f - a staff of air (weapon)
Jewellery
 k - an amulet of the acrobat
 m - a ring of fire
 p - an amulet of reflection (around neck)
Wands
 b - a wand of flame (6) (quivered)
 t - a wand of polymorph (7)
Scrolls
 g - a scroll of teleportation {unknown}
 i - a scroll of fear {unknown}
 o - a scroll of identify {unknown}
 q - a scroll of magic mapping {unknown}
 r - a scroll of vulnerability {unknown}
Potions
 a - 5 potions of brilliance {unknown}
 e - a potion of magic {unknown}
 h - 2 potions of might {unknown}
 l - a potion of mutation {unknown}
 n - 3 potions of curing {unknown}
 u - a potion of heal wounds {unknown}


   Skills:
 - Level 3.2(3.7) Maces & Flails
 - Level 2.4(3.2) Staves
 + Level 3.1 Spellcasting
 * Level 6.4 Conjurations
 * Level 4.8 Air Magic
 + Level 2.1 Evocations


You had 10 spell levels left.
You knew the following spells:

 Your Spells              Type           Power      Damage    Failure   Level
a - Shock                 Conj/Air       100%       1d9       1%          1

Your spell library contained the following spells:

 Spells                   Type           Power      Damage    Failure   Level
 Foxfire                  Conj/Fire      52%        2x1d6     4%          1
 Stone Arrow              Conj/Erth      26%        3d8       14%         3
 Animate Skeleton         Necr           4%         N/A       17%         1
 Pain                     Necr           8%         1d4       17%         1
 Vampiric Draining        Necr           2%         2d6       45%         3
 Agony                    Necr           2%         N/A       99%         5
 Excruciating Wounds      Necr           1%         N/A       99%         5


Dungeon Overview and Level Annotations

Branches:
Dungeon (4/15)
 Temple: D:4-7

Altars:
Sif Muna
Uskayaw
The Shining One


Innate Abilities, Weirdness & Mutations

You have a beak for a mouth.
You have claws for feet.
Your magical nature lets you fly swiftly and evasively.


Message History

You kill the hobgoblin!
Sif Muna accepts your kill.
Casting: Shock (safe; 1% risk of failure)
Confirm with . or Enter, or press ? or * to list all spells.
Aiming: Shock (safe; 1% risk of failure)
Press: ? - help, Shift-Dir - straight line, f - orc
Aim: an orc, wielding a +0 club (severely wounded, can't see you, 74% to hit)
You feel a surge of power!
The zap hits the orc.
You kill the orc!
Sif Muna accepts your kill.
Casting: Shock (safe; 1% risk of failure)
Confirm with . or Enter, or press ? or * to list all spells.
Aiming: Shock (safe; 1% risk of failure)
Press: ? - help, Shift-Dir - straight line, f - orc priest
Aim: an orc priest, wielding a +0 dagger (can't see you, 74% to hit)
You feel a surge of power!
The zap hits the orc priest.
The orc priest is lightly wounded.
Casting: Shock (safe; 1% risk of failure)
Confirm with . or Enter, or press ? or * to list all spells.
Aiming: Shock (safe; 1% risk of failure)
Press: ? - help, Shift-Dir - straight line, f/p - orc priest
Aim: an orc priest, wielding a +0 dagger (lightly wounded, can't see you, 74% to hit)
You feel a surge of power!
The zap hits the orc priest.
The orc priest is lightly wounded.
Casting: Shock (safe; 1% risk of failure)
Confirm with . or Enter, or press ? or * to list all spells.
Aiming: Shock (safe; 1% risk of failure)
Press: ? - help, Shift-Dir - straight line, f/p - orc priest
Aim: an orc priest, wielding a +0 dagger (lightly wounded, can't see you, 74% to hit)
You feel a surge of power!
The zap hits the orc priest.
The orc priest is heavily wounded.
An orc comes into view. It is wielding a +0 dagger.
You strike the helpless orc priest from behind!
You hit the orc priest.
The orc shouts!
Your kick misses the orc priest. Your peck misses the orc priest.
The orc priest is severely wounded.
The orc priest calls down the wrath of Beogh upon you.
Pain shoots through your body!
You die...

........# .....
.......^.###.#.# ..#
.............#.# ...#
#..............##...#
.................... .
..................##....
...........|...........
#.........##..##.. #...... .
#.).###..@....#..# #......
....##.†.# #.##o##....# #......
#....<.# #..#.###..# ##..##..
#..#...###.##..##..###....#..
...#.##.......#..).#..#........
.. ...#....#.##................
. ...........###..#..o.(.....†.
.....##.....##...#.........#..
.. #......†.....##.##..##..


You could see an orc priest (can't see you).

Vanquished Creatures
  A black bear (D:3)
  A necrophage (D:4)
  Jessica (D:3)
  Natasha (thrice) (D:2)
  3 gnolls (D:3)
  An adder (D:4)
  2 worms (D:2)
  A dart slug (D:2)
  8 orcs
  8 ball pythons
  3 endoplasms
  2 giant cockroaches
  3 goblins
  11 hobgoblins
  6 jackals
  2 quokkas
  3 bats (D:2)
  A frilled lizard (D:1)
  9 kobolds
  7 rats
76 creatures vanquished.

Notes
Turn   | Place    | Note
-------+----------+-------------------------------------------
     0 | D:1      | rageheart7 the Tengu Wanderer began the quest for the Orb.
     0 | D:1      | rageheart7 set off with the following items: a +0 mace, a
                  | wand of flame (6), a potion of invisibility, a +0 robe; and
                  | the following spells available to memorise: Foxfire, Shock,
                  | Stone Arrow
     0 | D:1      | Reached XP level 1. HP: 10/10 MP: 4/4
     2 | D:1      | Learned a level 1 spell: Shock
   238 | D:1      | Reached skill level 1 in Air Magic
   390 | D:1      | Reached XP level 2. HP: 15/15 MP: 3/6
  1278 | D:2      | Reached XP level 3. HP: 19/19 MP: 1/7
  1480 | D:2      | Reached skill level 1 in Staves
  1536 | D:2      | Found a faded altar of an unknown god.
  1580 | D:2      | Noticed Natasha
  1584 | D:2      | Killed Natasha
  1585 | D:2      | Reached XP level 4. HP: 24/24 MP: 3/8
  1790 | D:2      | Reached skill level 5 in Conjurations
  2082 | D:2      | Noticed Natasha
  2090 | D:2      | Killed Natasha
  2166 | D:2      | Noticed Natasha
  2171 | D:2      | Killed Natasha
  2172 | D:2      | Gained mutation: Your magical nature lets you fly swiftly
                  | and evasively. [Tengu growth]
  2172 | D:2      | Reached XP level 5. HP: 28/28 MP: 3/9
  2484 | D:3      | Found a hide-covered altar of Uskayaw.
  3018 | D:3      | Found a glowing golden altar of the Shining One.
  3031 | D:3      | Noticed a black bear
  3038 | D:3      | Killed a black bear
  3039 | D:3      | Reached skill level 6 in Conjurations
  3039 | D:3      | Reached XP level 6. HP: 7/32 MP: 2/11
  3467 | D:3      | Noticed Jessica
  3471 | D:3      | Killed Jessica
  3619 | D:3      | Found a shimmering blue altar of Sif Muna.
  3625 | D:3      | Became a worshipper of Sif Muna the Loreminder
  3778 | D:4      | Killed from afar by an orc priest

Illustrated notes

Levels and vault maps discovered:
D:1:      amcnicky_arrival_wind_blow, layout_rooms
D:2:      layout_loops_ring, ebering_ecumenical_altar_webs, uniq_natasha
D:3:      layout_loops_ring, general_overflow_altar, nicolae_uskayaw_suspiria,
          nicolae_sif_muna_little_library, uniq_jessica
D:4:      layout_cave_pools, nicolae_dithmenos_through_a_glass_darkly,
          mainiacjoe_overflow_catwalk, uniq_grinder, uniq_sigmund

Skill      XL: |  1  2  3  4  5  6 |
---------------+-------------------+-----
Air Magic      | 1 2 3 4 |  4.8
Staves         | 1 2 |  2.4
Conjurations   | 5 6 |  6.4
Spellcasting   | 3 |  3.1
Maces & Flails | |  3.2
Evocations     | |  2.1

Action                   |  1- 3 |  4- 6 || total
-------------------------+-------+-------++-------
Melee: Staff             |    44 |    66 ||   110
       Mace              |     4 |       ||     4
       Peck              |     7 |    10 ||    17
       Kick              |     8 |    15 ||    23
 Cast: Shock             |    34 |    58 ||    92
  Use: Potion            |       |     1 ||     1
 Stab: Invisible         |       |     1 ||     1
Armor: Robe              |     4 |    13 ||    17
       Skin              |       |     1 ||     1
Dodge: Dodged            |    32 |    54 ||    86
Block: Other             |       |    15 ||    15

Table legend: (Time is in decaauts)
 A = Elapsed time spent in this place.
 B = Non-inter-level travel time spent in this place.
 C = Inter-level travel time spent in this place.
 D = Time resting spent in this place.
 E = Time spent auto-exploring this place.
 F = Levels seen in this place.
 G = Mean time per level.
                   A        B        C        D        E       F      G
               +--------+--------+--------+--------+--------+-----+--------+
         Total |   3719 |   3653 |     66 |      0 |   3190 |   4 |  929.8 |
       Dungeon |   3719 |   3653 |     66 |      0 |   3190 |   4 |  929.8 |
               +--------+--------+--------+--------+--------+-----+--------+

Top non-repeatable levels by time:
     D:1: 1255 daAuts
     D:3: 1240 daAuts
     D:2: 1104 daAuts
     D:4: 118 daAuts
